Map: Rhoskallian LE

Players

Silwercrow - Winner!

  • Race: Terran Terran
  • League: Master
  • Spawn Location: 5:00

Tokus - Winner!

  • Race: Zerg Zerg
  • Spawn Location: 6:00

Massa

  • Race: Terran Terran
  • Spawn Location: 11:00

qqq

  • Race: Zerg Zerg
  • Spawn Location: 12:00

VOD

Have the link to the VOD?

Description

Time

  • Played on: Jan. 26, 2021, 12:30 p.m.
  • Length: 5:19
Show
View Real Time Build Order
Export as new Build Order

Silwercrow Terran - Winner!

Build Orders: 2 Factory, Hellion Opening 

Get SALT Encoding   

  12  0:00  SCV  
  13  0:12  SCV  
  14  0:18  Supply Depot  
  14  0:24  SCV  
  15  0:30  Refinery  
  15  0:39  SCV  
  16  0:46  Barracks  
  16  0:52  SCV  
  17  0:58  Refinery  
  17  1:05  SCV  
  18  1:17  SCV  
  19  1:32  Orbital Command  
  19  1:33  Barracks Reactor  
  19  1:39  Factory  
  19  1:51  Supply Depot  
  19  2:06  Factory  
  19  2:08  SCV  
  20  2:29  Barracks Reactor  
  20  2:30  Hellion x2  
  24  2:42  Supply Depot  
  24  2:49  Hellion  
  26  2:51  Hellion x2  
  30  3:08  SCV  
  30  3:11  Supply Depot  
  33  3:13  Hellion x2  
  33  3:19  Hellion x2  
  39  3:32  SCV  
  40  3:36  Supply Depot  
  40  3:39  Hellion  
  44  3:55  Hellion  
  44  3:56  Hellion  
  44  3:58  Hellion  
  38  4:30  Hellion x4  
  40  4:51  Hellion x2  
  40  4:52  Hellion  
Show
View Real Time Build Order
Export as new Build Order

Tokus Zerg - Winner!

Build Orders: Pool First 

Get SALT Encoding   

  12  0:00  Drone  
  13  0:08  Drone  
  14  0:26  Spawning Pool  
  13  0:30  Drone  
  14  0:38  Overlord  
  14  0:45  Overlord  
  14  0:56  Drone x2  
  16  0:59  Extractor  
  16  1:02  Drone  
  16  1:16  Queen  
  18  1:24  Drone  
  19  1:27  Drone  
  20  1:37  Drone  
  21  1:47  Drone  
  22  1:57  Hatchery  
  21  2:06  Queen  
  23  2:08  Zergling x2  
  23  2:09  Zergling x2  
  25  2:23  Overlord  
  25  2:25  Overlord  
  25  2:29  Zergling x4  
  27  2:41  Zergling x4  
  29  2:49  Metabolic Boost  
  29  2:52  Zergling x2  
  30  3:00  Overlord  
  30  3:07  Drone, Extractor  
  32  3:14  Queen  
  32  3:15  Zergling x6  
  35  3:30  Zergling x6  
  35  3:32  Drone x2  
  40  3:45  Zergling x4  
  40  3:46  Zergling x4  
  40  4:06  Zergling x10  
  42  4:18  Zergling x4  
  44  4:30  Zergling x6  
  45  4:40  Zergling x4  
Show
View Real Time Build Order
Export as new Build Order

Massa Terran 

Build Orders:  

Get SALT Encoding   

  12  0:00  SCV  
  13  0:12  SCV  
  14  0:22  Supply Depot  
  14  0:24  SCV  
  15  0:44  SCV  
  15  0:45  Barracks  
  16  0:52  Refinery  
  16  0:55  Refinery  
  16  0:56  SCV  
  17  1:08  SCV  
  18  1:20  SCV  
  19  1:32  SCV  
  20  1:37  Supply Depot  
  20  1:41  Factory  
  20  1:42  Marine  
  20  1:44  SCV  
  22  1:59  SCV  
  23  2:03  Supply Depot  
  23  2:05  Barracks Tech Lab  
  23  2:11  Barracks  
  23  2:28  Armory  
  23  2:43  Widow Mine, Marine  
  26  2:47  Orbital Command  
  26  2:58  Starport  
  26  3:30  Thor  
  32  3:47  Supply Depot  
  32  3:49  Marine  
  32  3:52  Marine  
  32  3:53  Medivac  
  34  4:10  Marine x2  
  34  4:12  Command Center  
  33  4:26  Hellbat  
  33  4:31  Marine  
  29  4:32  Marine  
  29  4:33  Medivac  
  29  4:57  Marine  
  29  4:58  Widow Mine  
  29  4:59  Marine  
  29  5:04  Supply Depot  
  28  5:18  Barracks x2  
Show
View Real Time Build Order
Export as new Build Order

qqq Zerg 

Build Orders: Hatch First 

Get SALT Encoding   

  12  0:00  Drone  
  13  0:11  Drone  
  14  0:18  Overlord  
  14  0:44  Hatchery  
  14  0:48  Drone  
  14  0:52  Drone  
  14  0:56  Drone  
  16  1:03  Drone  
  17  1:21  Extractor, Spawning Pool  
  15  1:27  Overlord  
  15  1:31  Drone  
  16  1:46  Drone  
  17  2:07  Zergling x6  
  19  2:09  Zergling x4  
  19  2:11  Queen  
  23  2:30  Drone x2  
  23  2:31  Drone  
  23  2:33  Metabolic Boost  
  26  2:42  Queen  
  28  2:48  Drone  
  28  2:50  Drone  
  30  2:53  Drone  
  30  2:58  Drone  
  32  3:07  Lair  
  32  3:10  Drone  
  33  3:17  Overlord  
  33  3:18  Zergling x2  
  34  3:24  Drone  
  34  3:25  Drone  
  36  3:30  Overlord  
  36  3:53  Drone x3, Spine Crawler  
  36  3:55  Spine Crawler  
  34  3:57  Zergling x2  
  34  3:58  Drone, Zergling x6  
  34  4:01  Extractor  
  36  4:11  Zergling x4  
  36  4:12  Spine Crawler  
  34  4:29  Zergling x2  
  34  4:30  Zergling x6  
  34  4:31  Zergling x6  
  34  4:39  Zergling x2  
  34  4:40  Zergling x4  
Tags
 
Add a new tag
Caveats
  • Supply blocks, unpowered buildings, or Contaminate may cause inaccurate times.
  • Supply counts are checked every 10 seconds.